 Dungeon Crawl Stone Soup version 0.26-a0-642-g67e99244d3 (webtiles) character file.

Game seed: 1158676630732300571

(classic levelgen) 56 EnegeticOcto the Firebug (level 3, -5/21 HPs)
             Began as an Octopode Fire Elementalist on Sept 23, 2020.
             Slain by a gnoll (8 damage)
             ... on level 2 of the Dungeon.
             The game lasted 00:03:41 (1740 turns).

EnegeticOcto the Firebug (OpFE)                     Turns: 1740, Time: 00:03:42

Health: -5/21      AC:  1    Str:  5 (7)  XL:     3   Next: 95%
Magic:  6/6        EV: 13    Int: 16 (18) God:
Gold:   66         SH:  0    Dex: 10 (12) Spells: 5/6 levels left

rFire    + . .     SeeInvis .   c - +0 whip
rCold    . . .     Faith    +   (no shield)
rNeg     . . .     Spirit   .   (helmet restricted)
rPois    .         Reflect  .   g - amulet of faith
rElec    .         Harm     .   h - ring of protection from fire
rCorr    .         Rampage  .   (no ring)
MR       .....                  (no ring)
Stlth    +++.......             (no ring)
HPRegen  0.07/turn              (no ring)
MPRegen  0.10/turn              (no ring)
                                (no ring)
                                (no ring)

@: mighty, very slightly contaminated, invisible
A: almost no armour, stealthy swim, amphibious, 8 rings, constrict 8, tentacle
spike 1, camouflage 1, blurry vision 1, gelatinous body 1
a: no special abilities


You were on level 2 of the Dungeon.
You visited 1 branch of the dungeon, and saw 2 of its levels.

You collected 66 gold pieces.

Inventory:

Hand Weapons
 c - a +0 whip (weapon)
Jewellery
 g - an amulet of faith (around mantle)
 h - a ring of protection from fire (left tentacle)
Scrolls
 a - 2 scrolls of magic mapping {unknown}
 b - 3 scrolls of identify {unknown}
 d - a scroll of blinking {unknown}
 f - a scroll of fear {unknown}
 i - a scroll of enchant weapon {unknown}
Potions
 e - a potion of degeneration


   Skills:
 - Level 2.0 Dodging
 - Level 3.0 Stealth
 - Level 2.0 Spellcasting
 - Level 3.0 Conjurations
 + Level 3.5 Fire Magic


You had 5 spell levels left.
You knew the following spells:

 Your Spells              Type           Power        Failure   Level
b - Foxfire               Conj/Fire      ##..         5%          1

Your spell library contained the following spells:

 Spells                   Type           Power        Failure   Level
 Conjure Flame            Conj/Fire      ##......     16%         3
 Inner Flame              Hex/Fire       #.......     30%         3
 Sticky Flame             Conj/Fire      ##......     47%         4
 Fireball                 Conj/Fire      ##........   83%         5


Dungeon Overview and Level Annotations

Branches:
Dungeon (2/15)

Altars:


Innate Abilities, Weirdness & Mutations

You cannot wear most types of armour.
You are very stealthy in the water. (Stealth+)
You are amphibious.
You can wear up to eight rings at the same time.
You can use your tentacles to constrict eight enemies at once.
Your skin changes colour to match your surroundings (Stealth+).
Your rubbery body absorbs attacks. (AC +1, EV +1)
One of your tentacles bears a spike.
Scrolls take you a little longer to read.


Message History

You conjure some foxfire!
Casting: Foxfire (safe; 4% risk of failure)
Confirm with . or Enter, or press ? or * to list all spells.
You miscast Foxfire.
You are very lightly contaminated with residual magic.
Nothing appears to happen.
Casting: Foxfire (safe; 4% risk of failure)
Confirm with . or Enter, or press ? or * to list all spells.
You conjure some foxfire!
The kobold shouts!
You hear a shout!
The foxfire hits the kobold.
The kobold is heavily wounded.
The foxfire hits the kobold.
You kill the kobold!
Your foxfire dissipates!
Your foxfire dissipates!
Your magical contamination has completely faded away.
Things that are here:
a +0 dagger; a kobold corpse A gnoll comes into view.
Casting: Foxfire (safe; 4% risk of failure)
Confirm with . or Enter, or press ? or * to list all spells.
You conjure some foxfire!
The gnoll shouts!
A gnoll comes into view.
The foxfire hits the gnoll.
The gnoll is lightly wounded.
Casting: Foxfire (safe; 4% risk of failure)
Confirm with . or Enter, or press ? or * to list all spells.
You conjure some foxfire!
Casting: Foxfire (safe; 4% risk of failure)
Confirm with . or Enter, or press ? or * to list all spells.
You conjure some foxfire!
The foxfire hits the gnoll but does no damage.
The gnoll is lightly wounded.
The foxfire hits the gnoll.
The gnoll is heavily wounded.
Casting: Foxfire (safe; 4% risk of failure)
Confirm with . or Enter, or press ? or * to list all spells.
You conjure some foxfire!
The foxfire hits the gnoll.
The gnoll is almost dead.
The foxfire hits the gnoll.
You kill the gnoll!
The gnoll throws a throwing net.
The throwing net hits you.
You become entangled in the net!
You struggle against the net.
The foxfire hits the gnoll but does no damage.
You tear a large gash into the net.
The foxfire hits the gnoll.
The gnoll is moderately wounded.
A gnoll comes into view. It is wielding a +0 spear.
Casting: Foxfire (safe; 4% risk of failure)
Confirm with . or Enter, or press ? or * to list all spells.
You conjure some foxfire!
The gnoll shouts!
You hear a shout!
You struggle against the net.
The foxfire hits the gnoll.
The gnoll is heavily wounded.
The foxfire hits the gnoll.
The gnoll is heavily wounded.
The gnoll hits you from afar with a +0 spear.
You shred the net and break free! The gnoll closely misses you.
The gnoll hits you from afar with a +0 spear!
The gnoll throws a throwing net.
The throwing net hits you.
You become entangled in the net!
You see here a throwing net {!f}.
You struggle against the net.
A gnoll comes into view. It is wielding a +0 club.
The gnoll barely misses you.
You tear a large gash into the net.
The gnoll hits you!
* * * LOW HITPOINT WARNING * * *
The gnoll closely misses you.
You shred the net and break free! The gnoll barely misses you.
The gnoll misses you.
There is a stone staircase leading up here.
You see here a leather armour.
The gnoll misses you.
You see here a +0 club.
A giant cockroach comes into view.
Okay, then.
It was a potion of degeneration.
There was something very wrong with that liquid.
You feel weakened.
You feel dopey.
You feel clumsy.
It was a potion of invisibility.
You fade into invisibility!
The gnoll barely misses you.
You are very lightly contaminated with residual magic.
The giant cockroach barely misses you. The giant cockroach misses you.
It was a potion of might.
You feel very mighty all of a sudden. The gnoll hits you.
* * * LOW HITPOINT WARNING * * *
The giant cockroach barely misses you.
It was a potion of mutation.
You feel extremely strange.
Your vision blurs.
One of your lower tentacles grows a sharp spike.
The gnoll closely misses you. The giant cockroach barely misses you.
You catch the helpless giant cockroach completely off-guard!
You whack the giant cockroach!
You kill the giant cockroach!
The gnoll hits you!
You die...

#..#.##.#........#.###
#####..#.##.#..#####g....#
#......#.#..#......#.....#
#......#.#g##......#.g...#
#......#.#..#......#g...##
##......#.#.##.####.#....#
.............#......#....#
........#.###########.#.##
.>......#..)..gg@†....#.###
..####..############......#
. #....................#
#..#.#.########...<..#
#...######## #......#######
#........... #......<......
######...#######.
#.......##### .........#
#.# ##.#.##.#... ########.#
#####.####.#.##.#.#


You could see 2 gnolls.

Vanquished Creatures
  An adder (D:2)
  A gnoll (D:2)
  A worm (D:2)
  2 dart slugs
  A leopard gecko (D:2)
  4 giant cockroaches
  4 hobgoblins
  A jackal (D:1)
  3 kobolds (D:2)
  2 quokkas (D:2)
  3 bats
  3 frilled lizards (D:1)
  A rat (D:2)
27 creatures vanquished.

Vanquished Creatures (others)
  81 foxfires
81 creatures vanquished.

Grand Total: 108 creatures vanquished

Notes
Turn   | Place    | Note
-------+----------+-------------------------------------------
     0 | D:1      | EnegeticOcto the Octopode Fire Elementalist began the quest
                  | for the Orb.
     0 | D:1      | Reached XP level 1. HP: 11/11 MP: 3/3
   179 | D:1      | Reached skill level 3 in Stealth
   447 | D:1      | Reached XP level 2. HP: 2/17 MP: 0/5
   843 | D:1      | Reached skill level 2 in Conjurations
  1298 | D:2      | Reached XP level 3. HP: 21/21 MP: 3/6
  1488 | D:2      | Reached skill level 3 in Conjurations
  1681 | D:2      | HP: 1/21 [gnoll (9)]
  1739 | D:2      | Gained mutation: Scrolls take you a little longer to read.
                  | [potion of mutation]
  1739 | D:2      | Gained mutation: One of your tentacles bears a spike.
                  | [potion of mutation]
  1740 | D:2      | Slain by a gnoll

Illustrated notes

Levels and vault maps discovered:
D:1:      wander_arrival_estate, layout_loops_ring
D:2:      layout_basic, lemuel_blue_sif_altar, makhleb_grotto_becter,
          kennysheep_generic_room_9

Skill      XL: |  1  2  3 |
---------------+----------+-----
Stealth        | 3 |  3.0
Conjurations   | 2 3 |  3.0
Dodging        | |  2.0
Spellcasting   | |  2.0
Fire Magic     | |  3.5

Action                   || total
-------------------------++-------
Melee: Unarmed           ||     3
       Constrict         ||     2
       Whip              ||     3
       Tentacles         ||     1
 Cast: Foxfire           ||    49
  Use: Potion            ||     4
 Stab: Invisible         ||     1
Armor: Skin              ||     3
Dodge: Dodged            ||    22

Table legend: (Time is in decaauts)
 A = Elapsed time spent in this place.
 B = Non-inter-level travel time spent in this place.
 C = Inter-level travel time spent in this place.
 D = Time resting spent in this place.
 E = Time spent auto-exploring this place.
 F = Levels seen in this place.
 G = Mean time per level.
                   A        B        C        D        E       F      G
               +--------+--------+--------+--------+--------+-----+--------+
         Total |   1739 |   1728 |     11 |     28 |   1422 |   2 |  869.5 |
       Dungeon |   1739 |   1728 |     11 |     28 |   1422 |   2 |  869.5 |
               +--------+--------+--------+--------+--------+-----+--------+

Top non-repeatable levels by time:
     D:1: 996 daAuts
     D:2: 742 daAuts
